 Dungeon Crawl Stone Soup version 0.29.1-2-gbd0b4ee654 (webtiles) character file.

Game seed: 17233018089626396392

26 xian the Trooper (level 2, -5/26 HPs)
             Began as a Draconian Monk on Nov 8, 2022.
             Slain by a gnoll
             ... wielding a +0 spear
              (6 damage)
             ... on level 2 of the Dungeon.
             The game lasted 00:02:43 (1185 turns).

xian the Trooper (Draconian Monk)                   Turns: 1185, Time: 00:02:43

Health: -5/26      AC:  5    Str: 13    XL:     2   Next: 89%
Magic:  2/2        EV: 13    Int: 10    God:
Gold:   92         SH:  0    Dex: 13    Spells: 1/1 levels left

rFire   . . .      SeeInvis .   a - +0 hand axe
rCold   . . .      Faith    +   (no shield)
rNeg    . . .      Spirit   .   (body armour unavailable)
rPois   .          Reflect  .   (helmet restricted)
rElec   .          Harm     .   i - +0 cloak
rCorr   .          Rampage  .   (no gloves)
Will    .....                   (no boots)
Stlth   ++........              h - amulet of faith
HPRegen 0.08/turn               (no ring)
MPRegen 0.08/turn               (no ring)

@: brilliant, attractive
A: AC +4, unfitting armour, cold-blooded
a: no special abilities


You were on level 2 of the Dungeon.
You visited 1 branch of the dungeon, and saw 2 of its levels.

You collected 92 gold pieces.

Inventory:

Hand Weapons
 a - a +0 hand axe (weapon)
Armour
 i - a +0 cloak (worn)
Jewellery
 h - an amulet of faith (around neck)
Scrolls
 c - 2 scrolls of silence {unknown}
 d - a scroll of noise {unknown}
 e - 2 scrolls of butterflies {unknown}
Potions
 b - a potion of ambrosia
 f - a potion of brilliance


   Skills:
 + Level 3.6 Fighting
 + Level 3.4 Axes
 + Level 3.1 Dodging
 + Level 1.9 Stealth


You had one spell level left.
You didn't know any spells.
Your spell library contained the following spells:

 Spells                   Type           Power      Damage    Failure   Level
 Blink                    Tloc           0%         N/A       50%         2
 Lesser Beckoning         Tloc           0%         N/A       75%         3
 Manifold Assault         Tloc           0%         N/A       100%        5


Dungeon Overview and Level Annotations

Branches:
Dungeon (2/15)

Altars:


Innate Abilities, Weirdness & Mutations

Your plain brown scales are hard. (AC +4)
You cannot fit into any form of body armour.
You are cold-blooded and may be slowed by cold attacks.


Message History

You hit the goblin.
You kill the goblin!
You see here a +0 dagger.
The ball python misses you. The ball python barely misses you.
You barely miss the ball python. You tail-slap the ball python.
You kill the ball python!
You open the door.
A rat and an adder come into view.
Found a club. 2 gnolls come into view.
The gnoll shouts! x2; You hear a shout!
You hear an angry hiss.
A gnoll comes into view. It is wielding a +0 spear.
The gnoll barely misses you.
A gnoll comes into view. It is wielding a +0 club.
The gnoll shouts!
The gnoll completely misses you. The adder closely misses you.
It was a potion of brilliance.
You feel clever all of a sudden. The gnoll hits you with a +0 flail.
The gnoll hits you from afar with a +0 spear.
The adder completely misses you.
It was a potion of attraction.
You feel attractive to monsters.
A gnoll opens the door.
The gnoll barely misses you. The adder misses you. The gnoll barely misses you.
Unknown command.
You barely miss the gnoll.
Your tail-slap misses the gnoll.
You hit the adder. The adder bites you. The gnoll hits you with a +0 flail.
The gnoll hits you from afar with a +0 spear.
* * * LOW HITPOINT WARNING * * *
The adder closely misses you.
You closely miss the gnoll.
You tail-slap the gnoll, but do no damage.
You miss the adder. The gnoll closely misses you. The gnoll misses you.
The adder bites you.
* * * LOW HITPOINT WARNING * * *
You hit the gnoll but do no damage. You closely miss the adder.
The gnoll misses you.
The gnoll hits you from afar with a +0 spear.
You die...

### #####.#
######.....#
##......###.#
#..###..# #.#
##.......###.###
#.S##'##.......#
#@##...##......#
#g#.r#S.#......###
#g#)# #.#.....#...
#gg. .+.....#...
#.#. .#....)....
#.# #......... ..#
#......... ...
##..#...#...
...........#


You could see 4 gnolls and an adder.

Vanquished Creatures
  A dart slug (D:1)
  2 ball pythons
  2 bats
  3 endoplasms (D:1)
  2 giant cockroaches
  2 goblins
  3 hobgoblins (D:1)
  A frilled lizard (D:1)
  4 kobolds
  2 rats (D:1)
22 creatures vanquished.

Notes
Turn   | Place    | Note
-------+----------+-------------------------------------------
     0 | D:1      | xian the Draconian Monk began the quest for the Orb.
     0 | D:1      | Reached XP level 1. HP: 19/19 MP: 1/1
   255 | D:1      | Reached XP level 2. HP: 26/26 MP: 2/2
  1184 | D:2      | HP: 1/26 [adder (4)]
  1185 | D:2      | Slain by a gnoll

Illustrated notes

Levels and vault maps discovered:
D:1:      lemuel_arrival_tunnels, layout_loops_ring
D:2:      wad_woods_pond, layout_basic, hellmonk_ecumenical_altar_crossroads,
          minmay_box_of_dots

Skill      XL: |  1  2 |
---------------+-------+-----
Dodging        | 3 |  3.1
Fighting       | |  3.6
Axes           | |  3.4
Stealth        | |  1.9

Action                   || total
-------------------------++-------
Melee: Hand axe          ||    48
       Tailslap          ||    14
       Punch             ||     1
  Use: Potion            ||     2
 Stab: Sleeping          ||     2
       Distracted        ||     1
Armor: Skin              ||     8
Dodge: Dodged            ||    36
